 Dungeon Crawl Stone Soup version 0.31-a0-851-g7ff8af7976 (webtiles) character file.

Game seed: 17450634189952981144

4487 Sweetruy1997 the Cleaver (level 10, -2/8 HPs)
             Began as a Barachi Berserker on Aug 12, 2023.
             Was an Elder of Trog.
             Slain by a wolf (4 damage)
             ... led by Grum
             ... on level 8 of the Dungeon on Oct 8, 2023.
             The game lasted 00:23:43 (7721 turns).

Sweetruy1997 the Cleaver (Barachi Berserker)        Turns: 7721, Time: 00:23:43

Health: -2/8       AC:  7    Str: 18    XL:     10   Next: 38%
Magic:  9/9        EV: 11    Int:  7    God:    Trog [****..]
Gold:   397        SH:  5    Dex: 23    Spells: 9/9 levels left

rFire   + . .        a - melded +0 hand axe (venom)
rCold   . . .        y - melded +2 buckler
rNeg    . . .        w - +0 fire dragon scales
rPois   .            (no helmet)
rElec   .            (no cloak)
rCorr   .            (gloves currently unavailable)
SInv    .            (no boots)
Will    .....        f - amulet of reflection
Stlth   +            h - +6 ring of dexterity
HPRegen 0.21/turn    l - ring of ice
MPRegen 0.11/turn

%: reflection
@: blade hands, slow
A: reduced hp, amphibious, slowness 1, strong legs 1, +LOS, iridescent scales 2,
low MP 1, MP-powered wands
a: Hop, Begin Untransformation, Renounce Religion, Berserk, Trog's Hand,
Brothers in Arms


You were on level 8 of the Dungeon.
You worshipped Trog.
Trog was greatly pleased with you.
You had blades for hands.
You visited 1 branch of the dungeon, and saw 8 of its levels.

You collected 397 gold pieces.

Inventory:

Hand Weapons
 a - a +0 hand axe of venom (melded)
Armour
 w - +0 fire dragon scales (worn)
 y - a +2 buckler (melded)
Jewellery
 f - an amulet of reflection (around neck)
 h - a +6 ring of dexterity (left blade hand)
 l - a ring of ice (right blade hand)
Talismans
 B - a blade talisman (active)
Wands
 u - a wand of flame (18)
 A - a wand of acid (8)
Scrolls
 b - a scroll of blinking
 d - a scroll of brand weapon
 i - 2 scrolls of poison {unknown}
 k - a scroll of amnesia {unknown}
 n - 2 scrolls of teleportation
 s - a scroll of vulnerability {unknown}
 t - a scroll of fog {unknown}
 v - 3 scrolls of fear {unknown}
 x - a scroll of noise {unknown}
Potions
 c - a potion of haste {unknown}
 e - 2 potions of heal wounds {unknown}
 g - a potion of might {unknown}
 j - a potion of curing {unknown}
 m - a potion of lignification {unknown}
 o - a potion of invisibility {unknown}
 q - 3 potions of magic
 r - a potion of attraction {unknown}
 z - a potion of brilliance {unknown}


   Skills:
 - Level 8.0 Fighting
 + Level 12.5 Axes
 + Level 9.2 Armour
 - Level 3.0 Dodging
 - Level 1.0 Stealth
 - Level 1.0 Shields


You had 9 spell levels left.
You didn't know any spells.
Your spell library was empty.

Dungeon Overview and Level Annotations

Branches:
Dungeon (8/15)             Temple (0/1) D:7
   Lair: D:8-11

Altars:
Kikubaaqudgha
Okawaru
Uskayaw
Vehumet
Xom

Shops:
D:5 =


Innate Abilities, Weirdness & Mutations

You have blades for hands.
Your maximum health is decreased, since you lack skill for your form.
You are incapable of wielding weapons or throwing items.
You are amphibious.
You cover ground slowly.
You can hop short distances.
You have an extended range of vision and can be seen from far away.
You are mostly covered in iridescent scales. (AC +4)
Your magical capacity is low. (-10% MP)
You expend magic power (3 MP) to strengthen your wands.


Message History

A howler monkey comes into view.
The howler monkey howls!
The howler monkey hits you. The howler monkey barely misses you.
You hit the howler monkey.
The howler monkey is moderately wounded.
The howler monkey hits you.
You hit the howler monkey.
The howler monkey is heavily wounded.
The howler monkey hoots and howls with incredible vigour!
You hear a howl! x3; You hear an angry growl.
You hear a howl! x2
You hit the howler monkey.
The howler monkey is heavily wounded.
The howler monkey hits you.
A wolf comes into view.
The howler monkey barely misses you.
You closely miss the howler monkey.
The howler monkey is heavily wounded.
The howler monkey hits you but does no damage.
You closely miss the howler monkey.
The howler monkey is heavily wounded.
You block the howler monkey's attack.
A wolf comes into view.
The wolf barely misses you. The wolf closely misses you.
You block the wolf's attack.
The wolf howls!
You hear a howl!
The wolf misses you. The wolf attacks as it pursues you! The wolf bites you.
The wolf barely misses you.
The howler monkey hoots and howls with incredible vigour!
You hear a howl!
You hit the wolf.
The wolf is lightly wounded.
The wolf closely misses you. The wolf bites you.
Ouch! That really hurt!
* * * LOW HITPOINT WARNING * * *
You barely miss the wolf.
The wolf is lightly wounded.
The wolf bites you.
Ouch! That really hurt!
You die...

####### #.....# ###
##..#..+ ..#
#.###..#######.# .
##..##.......#h#####...
###.#..####.#.#.....
##..##..####h#?..#
#.###.....@hh....#
##..##..######..##
###.#..# ......
##..##..# #######.#
#.###...# ##..##..#
###.#### ##..## #.###


You could see 2 wolves and a howler monkey (catching breath).

Vanquished Creatures
  Pikel (D:5)
  Grinder (D:3)
  A hornet (D:8)
  5 yaks (D:6)
  3 steam dragons (D:8)
  2 water moccasins
  3 orc warriors
  3 ice beasts
  A black bear (D:6)
  2 ogres (D:7)
  A centaur (D:5)
  2 lemures (D:5)
  3 phantoms
  A kobold brigand (D:7)
  A bullfrog (D:7)
  3 scorpions
  3 wights (D:6)
  3 hounds
  3 jellies
  4 orc priests
  A sleepcap (D:5)
  A gnoll bouda (D:5)
  An iguana (D:5)
  Ijyb (D:5)
  4 orc wizards
  3 gnolls (D:8)
  6 adders
  3 white imps
  5 dart slugs
  23 orcs
  6 bats
  5 endoplasms
  3 giant cockroaches (D:1)
  4 goblins
  8 hobgoblins
  10 jackals
  14 kobolds
  3 quokkas
  10 ball pythons
  3 frilled lizards (D:1)
  5 rats
165 creatures vanquished.

Vanquished Creatures (others)
  An ogre (D:5)
  A jelly (D:5)
  A hound (D:5)
  A gnoll bouda (D:8)
  An iguana (D:5)
  A gnoll (D:8)
  An orc (D:5)
7 creatures vanquished.

Grand Total: 172 creatures vanquished

Notes
Turn   | Place    | Note
-------+----------+-------------------------------------------
     0 | D:1      | Sweetruy1997 the Barachi Berserker began the quest for the
                  | Orb.
     0 | D:1      | Reached XP level 1. HP: 18/18 MP: 1/1
   141 | D:1      | Reached XP level 2. HP: 23/25 MP: 2/2
   356 | D:1      | Reached skill level 4 in Axes
   356 | D:1      | Reached XP level 3. HP: 26/30 MP: 3/3
   462 | D:1      | Reached ** piety under Trog
  1286 | D:2      | Reached XP level 4. HP: 37/37 MP: 4/4
  1903 | D:3      | Found a radiant altar of Vehumet.
  1927 | D:3      | Upgraded the game from 0.31-a0-532-g28f74ba3e5 to
                  | 0.31-a0-819-gf6de2f5ab6
  2350 | D:3      | Reached skill level 1 in Shields
  2406 | D:3      | Noticed Grinder
  2414 | D:3      | Reached skill level 1 in Stealth
  2419 | D:3      | Paralysed by Grinder for 4 turns
  2438 | D:3      | Killed Grinder
  2439 | D:3      | Reached skill level 5 in Axes
  2439 | D:3      | Reached XP level 5. HP: 29/42 MP: 5/5
  2439 | D:3      | Reached XP level 6. HP: 33/48 MP: 6/6
  2946 | D:4      | Reached skill level 6 in Axes
  3159 | D:4      | Reached skill level 5 in Armour
  3159 | D:4      | Reached XP level 7. HP: 42/54 MP: 7/7
  3749 | D:5      | Entered Level 5 of the Dungeon
  3760 | D:5      | Found an iron altar of Okawaru.
  3962 | D:5      | Found a shimmering altar of Xom.
  3979 | D:5      | Reached *** piety under Trog
  4131 | D:5      | Noticed Pikel
  4159 | D:5      | Killed Pikel
  4160 | D:5      | Reached skill level 8 in Axes
  4160 | D:5      | Reached XP level 8. HP: 49/61 MP: 8/8
  4218 | D:5      | Reached skill level 5 in Fighting
  4357 | D:5      | Noticed Ijyb
  4364 | D:5      | Killed Ijyb
  4441 | D:5      | Gained mutation: Your magical capacity is low. (-10% MP)
                  | [potion of mutation]
  4441 | D:5      | Gained mutation: Your muscles are strong. (Str +4, Int/Dex
                  | -1) [potion of mutation]
  4441 | D:5      | Gained mutation: Your spells are a little harder to cast,
                  | but a little more powerful. [potion of mutation]
  4442 | D:5      | Lost mutation: Your muscles are strong. (Str +4, Int/Dex
                  | -1) [potion of mutation]
  4442 | D:5      | Lost mutation: Your spells are a little harder to cast, but
                  | a little more powerful. [potion of mutation]
  4442 | D:5      | Gained mutation: Your flesh is cold resistant. (rC+)
                  | [potion of mutation]
  4442 | D:5      | Gained mutation: You possess an exceptional clarity of
                  | mind. [potion of mutation]
  4442 | D:5      | Gained mutation: You are clumsy. (Dex -2) [potion of
                  | mutation]
  4442 | D:5      | Gained mutation: You are partially covered in iridescent
                  | scales. (AC +2) [potion of mutation]
  4442 | D:5      | HP: 3/63 [poisoned by a water moccasin]
  4762 | D:5      | Reached skill level 9 in Axes
  4925 | D:5      | Found Zoademm's Jewellery Shop.
  5315 | D:6      | Found a hide-covered altar of Uskayaw.
  5315 | D:6      | Noticed a yak
  5315 | D:6      | Noticed a yak
  5315 | D:6      | Noticed a yak
  5315 | D:6      | Noticed a yak
  5315 | D:6      | Noticed a yak
  5337 | D:6      | Killed a yak
  5338 | D:6      | Reached XP level 9. HP: 56/69 MP: 8/8
  5352 | D:6      | Reached skill level 10 in Axes
  5923 | D:6      | Found an ancient bone altar of Kikubaaqudgha.
  6061 | D:6      | Reached skill level 11 in Axes
  6478 | D:7      | Lost mutation: Your flesh is cold resistant. (rC+) [potion
                  | of mutation]
  6478 | D:7      | Lost mutation: You possess an exceptional clarity of mind.
                  | [potion of mutation]
  6478 | D:7      | Gained mutation: You are mostly covered in iridescent
                  | scales. (AC +4) [potion of mutation]
  6478 | D:7      | Lost mutation: You are clumsy. (Dex -2) [potion of
                  | mutation]
  6478 | D:7      | Gained mutation: You expend magic power (3 MP) to
                  | strengthen your wands. [potion of mutation]
  6486 | D:7      | Reached **** piety under Trog
  6487 | D:7      | Reached XP level 10. HP: 79/79 MP: 9/9
  6622 | D:7      | Upgraded the game from 0.31-a0-819-gf6de2f5ab6 to
                  | 0.31-a0-851-g7ff8af7976
  6669 | D:7      | Found a staircase to the Ecumenical Temple.
  6828 | D:7      | Reached skill level 12 in Axes
  7721 | D:8      | Slain by a wolf

Illustrated notes

Levels and vault maps discovered:
D:1:      minmay_arrival_stone_box, layout_loops_ring, dreamdust_wishing_well,
          minmay_worlds_worst_comb
D:2:      layout_basic
D:3:      layout_loops_corners, nicolae_vehumet_altar_sigil, uniq_grinder
D:4:      layout_basic
D:5:      cheibrodos_helix_gallery, layout_loops_ring, xom_confusion_cloud,
          okawaru_trees_2, serial_shops, nicolae_shop_pleasant_corner_grove,
          uniq_pikel, uniq_ijyb
D:6:      layout_basic, mainiacjoe_overflow_catch_the_wave,
          corexii_checkpoint_a, minmay_misc_feat_more_columns
D:7:      layout_cave_pods, minmay_temple_entry_crystal_x
D:8:      hellmonk_destroyed_diamonds, layout_basic, kennysheep_another_room,
          nicolae_shop_i_like_big_books, grunt_decor_resistance, uniq_grum

Skill      XL: |  1  2  3  4  5  6  7  8  9 10 |
---------------+-------------------------------+-----
Fighting       | 4 5 7 8 |  8.0
Axes           | 4 5 6 8 9 11 12 | 12.5
Shields        | 1 |  1.0
Stealth        | 1 |  1.0
Armour         | 4 5 6 7 8 9 |  9.2
Dodging        | 3 |  3.0

Action                     |  1- 3 |  4- 6 |  7- 9 | 10-12 || total
---------------------------+-------+-------+-------+-------++-------
  Melee: Hand axe          |   118 |    91 |   320 |   115 ||   644
         Punch             |     1 |     2 |     7 |       ||    10
         Unarmed           |       |       |       |     7 ||     7
 Invoke: Berserk           |       |     2 |     4 |     1 ||     7
         Trog's Hand       |       |       |     1 |       ||     1
Ability: Hop               |     3 |     1 |       |       ||     4
  Evoke: Wand              |       |       |       |     1 ||     1
    Use: Scroll            |       |     3 |     3 |       ||     6
         Potion            |       |       |     3 |       ||     3
   Stab: Sleeping          |     3 |       |       |       ||     3
         Distracted        |       |       |     1 |       ||     1
 Armour: Animal skin       |    33 |       |       |       ||    33
         Ring mail         |     3 |    30 |    78 |       ||   111
         Fire dragon scale |       |       |    83 |    58 ||   141
  Dodge: Dodged            |    62 |    56 |   111 |    40 ||   269
  Block: Other             |    27 |    12 |    39 |     2 ||    80
         Reflection        |     1 |       |     2 |     2 ||     5
         Buckler           |       |       |    10 |    73 ||    83
   Form: Blade             |       |       |       |     1 ||     1

Table legend: (Time is in decaauts)
 A = Elapsed time spent in this place.
 B = Non-inter-level travel time spent in this place.
 C = Inter-level travel time spent in this place.
 D = Time resting spent in this place.
 E = Time spent auto-exploring this place.
 F = Levels seen in this place.
 G = Mean time per level.
                   A        B        C        D        E       F      G
               +--------+--------+--------+--------+--------+-----+--------+
         Total |   8780 |   8417 |    363 |    523 |   6592 |   8 | 1097.5 |
       Dungeon |   8780 |   8417 |    363 |    523 |   6592 |   8 | 1097.5 |
               +--------+--------+--------+--------+--------+-----+--------+

Top non-repeatable levels by time:
     D:5: 1511 daAuts
     D:7: 1432 daAuts
     D:3: 1168 daAuts
     D:6: 1122 daAuts
     D:1: 1119 daAuts
     D:2: 1090 daAuts
     D:4: 1014 daAuts
     D:8: 322 daAuts
